 Dungeon Crawl Stone Soup version 0.31.0-11-ge490571c62 (webtiles) character file.

Game seed: 4856739379918391993

230 FilipinaBountyHunter the Sneak (level 6, -3/46 HPs)
             Began as a Human Brigand on Jan 28, 2024.
             Slain by a gnoll bouda
             ... wielding a +0 club
              (10 damage)
             ... on level 4 of the Dungeon.
             The game lasted 00:06:28 (1480 turns).

FilipinaBountyHunter the Sneak (Human Brigand)      Turns: 1480, Time: 00:06:29

Health: -3/46      AC:  3    Str: 12    XL:     6   Next: 3%
Magic:  6/6        EV: 13    Int: 13    God:
Gold:   95         SH:  0    Dex: 18    Spells: 1/5 levels left

rFire   + . .        j - +2 hand axe "Amaedewn" {flame, rF+ Dex+4}
rCold   . . .        (no shield)
rNeg    . . .        b - +0 robe
rPois   .            (no helmet)
rElec   .            c - +0 cloak
rCorr   .            (no gloves)
SInv    .            (no boots)
Will    .....        (no amulet)
Stlth   +++          (no ring)
HPRegen 0.27/turn    (no ring)
MPRegen 0.10/turn

%: no passive effects
@: attractive
A: explore regen
a: no special abilities


You were on level 4 of the Dungeon.
You visited 1 branch of the dungeon, and saw 4 of its levels.

You collected 95 gold pieces.

Inventory:

Hand Weapons
 a - a +2 dagger
 j - the +2 hand axe "Amaedewn" (weapon) {flame, rF+ Dex+4}
   (You found it on level 4 of the Dungeon)

   Dex+4:     It affects your dexterity (+4).
   rF+:       It protects you from fire.
Missiles
 d - 4 poisoned darts (quivered)
 e - a curare-tipped dart
Armour
 b - a +0 robe (worn)
 c - a +0 cloak (worn)
Wands
 k - a wand of flame (18)
Scrolls
 f - a scroll of amnesia
Potions
 g - a potion of attraction
 h - a potion of lignification
 i - a potion of curing {unknown}
 l - a potion of mutation {unknown}


   Skills:
 * Level 2.6 Fighting
 - Level 2.3 Short Blades
 * Level 0.3 Axes
 * Level 3.0 Throwing
 * Level 1.3 Armour
 * Level 2.4 Dodging
 * Level 5.2 Stealth
 * Level 0.2 Spellcasting
 * Level 0.4 Conjurations
 * Level 0.2 Summonings
 * Level 0.2 Necromancy
 * Level 0.2 Translocations
 * Level 0.2 Alchemy
 * Level 0.2 Evocations


You had one spell level left.
You knew the following spells:

 Your Spells              Type           Power      Damage    Failure   Level
a - Summon Small Mammal   Summ           0%         N/A       28%         1
b - Sting                 Conj/Alch      0%         1d3       26%         1
c - Necrotise             Necr           0%         1d4       28%         1
d - Apportation           Tloc           0%         N/A       28%         1

Your spell library contained the following spells:

 Spells                   Type           Power      Damage    Failure   Level
 Vhi's Electric Charge    Tloc/Air       0%         N/A       96%         4
 Arcjolt                  Conj/Air       0%         1d10      100%        5
 Plasma Beam              Fire/Air       0%         2x1d10    100%        6


Dungeon Overview and Level Annotations

Branches:
Dungeon (4/15)
 Temple: D:4-7

Altars:


Innate Abilities, Weirdness & Mutations

You regain HP and MP as you explore.


Message History

* * * LOW HITPOINT WARNING * * *
You hit the gnoll bouda. You burn the gnoll bouda.
The gnoll bouda is almost dead.
Your transformation is almost over.
The gnoll bouda mumbles some strange prayers to its god.
The gnoll bouda is healed somewhat.
The gnoll bouda gazes fiercely through you!
You feel your attacks grow feeble.
The gnoll bouda hits you but does no damage.
You hit the gnoll bouda. You burn the gnoll bouda.
The gnoll bouda is almost dead.
The gnoll bouda utters an invocation to its god.
The gnoll bouda is healed somewhat.
You barely miss the gnoll bouda.
The gnoll bouda is heavily wounded.
The gnoll bouda hits you but does no damage.
You hit the gnoll bouda. You burn the gnoll bouda.
The gnoll bouda is severely wounded.
The gnoll bouda barely misses you.
The gnoll bouda hits you with a +0 club.
* * * LOW HITPOINT WARNING * * *
You hit the gnoll bouda. You burn the gnoll bouda.
The gnoll bouda is almost dead.
Your attacks no longer feel as feeble.
The gnoll bouda utters an invocation to its god.
The gnoll bouda is healed somewhat.
You hit the gnoll bouda but do no damage.
The gnoll bouda is severely wounded.
The gnoll bouda hits you with a +0 club!
* * * LOW HITPOINT WARNING * * *
You hit the gnoll bouda. You burn the gnoll bouda.
The gnoll bouda is almost dead.
The gnoll bouda utters an invocation to its god.
The gnoll bouda is healed somewhat.
You hit the gnoll bouda. You burn the gnoll bouda.
The gnoll bouda is almost dead.
You feel less wooden.
Your +0 cloak unmelds from your body.
Your +0 robe unmelds from your body.
The gnoll bouda hits you with a +0 club!
You die...

..........#.####.....####..#
............# ##...## #..#
............# ##.## #..#
............## #.# ##..#
##...........## +#.#+ ##...#
..............###...###....#
..................8........#
..............###...###...##
.............##)@#.#')##..#
##..........##..g#.#.).##.#
.)..........#...##.##...#.#
.#..........#(.##...##..#.#
............####.....####.#
####......................#
#.......######..##############
###................#...#.......#
....)......########.#.....#####.#


You could see a gnoll bouda.

Vanquished Creatures
  A bullfrog (D:4)
  2 hounds (D:4)
  4 gnolls (D:2)
  3 adders (D:4)
  A ribbon worm (D:2)
  3 orcs (D:4)
  3 endoplasms
  3 goblins
  3 hobgoblins (D:4)
  4 jackals (D:1)
  2 ball pythons (D:4)
  2 bats
  2 frilled lizards
  4 kobolds
  3 rats
40 creatures vanquished.

Notes
Turn   | Place    | Note
-------+----------+-------------------------------------------
     0 | D:1      | FilipinaBountyHunter the Human Brigand began the quest for
                  | the Orb.
     0 | D:1      | Reached XP level 1. HP: 16/16 MP: 1/1
   121 | D:1      | Reached XP level 2. HP: 22/22 MP: 2/2
   225 | D:2      | Reached XP level 3. HP: 5/27 MP: 3/3
   378 | D:2      | HP: 1/27 [ribbon worm (4)]
   500 | D:3      | Reached XP level 4. HP: 33/33 MP: 4/4
   687 | D:4      | Reached skill level 1 in Armour
   687 | D:4      | Reached skill level 5 in Stealth
   953 | D:4      | Reached XP level 5. HP: 24/39 MP: 5/5
  1121 | D:4      | Identified the +2 hand axe "Amaedewn" {flame, rF+ Dex+4}
  1322 | D:4      | Learned a level 1 spell: Summon Small Mammal
  1324 | D:4      | Learned a level 1 spell: Sting
  1326 | D:4      | Learned a level 1 spell: Necrotise
  1328 | D:4      | Learned a level 1 spell: Apportation
  1460 | D:4      | Reached XP level 6. HP: 36/46 MP: 6/6
  1480 | D:4      | Slain by a gnoll bouda

Illustrated notes

Levels and vault maps discovered:
D:1:      wander_arrival_lonely_grave, layout_basic,
          ebering_ecumenical_altar_abandoned
D:2:      minmay_chambers_of_twos, layout_basic, uniq_natasha
D:3:      layout_basic, dancing_weapons_uskayaw,
          nicolae_dithmenos_through_a_glass_darkly, kennysheep_generic_room_15,
          uniq_grinder
D:4:      cheibrodos_barr_body, layout_basic

Skill      XL: |  1  2  3  4  5 |
---------------+----------------+-----
Armour         | 1 |  1.3
Stealth        | 5 |  5.2
Dodging        | 2 |  2.4
Throwing       | 3 |  3.0
Fighting       | |  2.6
Short Blades   | |  2.3
Axes           | |  0.3
Spellcasting   | |  0.2
Conjurations   | |  0.4
Summonings     | |  0.2
Necromancy     | |  0.2
Translocations | |  0.2
Alchemy        | |  0.2
Evocations     | |  0.2

Action                     |  1- 3 |  4- 6 || total
---------------------------+-------+-------++-------
  Melee: Dagger            |    63 |    68 ||   131
         Punch             |     2 |     1 ||     3
         Hand axe          |       |    34 ||    34
  Throw: Dart              |    28 |    18 ||    46
    Use: Scroll            |     1 |     4 ||     5
         Potion            |       |     2 ||     2
   Stab: Sleeping          |     3 |     2 ||     5
 Armour: Robe              |    31 |    51 ||    82
         Skin              |       |    20 ||    20
  Dodge: Dodged            |    35 |    86 ||   121
